AoeStats
← obivan.kenobi

Arabian Desert

510501139Analyzed
1v1 RM · 1d ago on Oct 1, 2026· 91m 15s· 2 players
Game mode
Random Map
Map size
Tiny (2 player)
Population
200
Speed
Normal
Resources
Standard
Victory
Conquest
Starting age
Dark Age
Ending age
Imperial Age
RankedLock teamsTeams togetherTeam positionsShared explorationLock speedFull tech treeHidden civsTurbo modeCheats
Victory
Defeat
🇲🇺 Spanish · Mauritius
986
+16
🇨🇿 Byzantines · Czechia
990
-16
Buzzleclairrr
8:05 Loom
10:40 Feudal Age
19:43 Castle Age
23:58 Fletching
24:09 Padded Archer Armor
31:34 Double-Bit Axe
34:02 Light Cavalry
34:52 Bloodlines
35:00 Forging
35:48 Bodkin Arrow
42:51 Imperial Age
42:17 Bow Saw
41:54 Horse Collar
42:37 Scale Barding Armor
49:10 Iron Casting
51:40 Bracer
52:17 Leather Archer Armor
51:55 Hussar
55:29 Ring Archer Armor
56:00 Blast Furnace
55:21 Chain Barding Armor
55:52 Wheelbarrow
57:13 Elite Conquistador
58:57 Husbandry
58:42 Pikeman
59:34 Onager
59:55 Halberdier
62:40 Plate Barding Armor
76:04 Chemistry
75:24 Ballistics
obivan.kenobi
8:06 Loom
11:00 Feudal Age
21:12 Castle Age
20:14 Padded Archer Armor
20:05 Fletching
23:27 Horse Collar
23:34 Double-Bit Axe
24:45 Husbandry
24:08 Elite Skirmisher
31:23 Crossbowman
34:17 Leather Archer Armor
35:10 Bodkin Arrow
36:13 Thumb Ring
37:51 Wheelbarrow
37:21 Heavy Plow
38:44 Scale Barding Armor
41:30 Forging
41:41 Chain Barding Armor
43:19 Iron Casting
46:09 Imperial Age
45:25 Light Cavalry
48:05 Chemistry
47:25 Ballistics
47:01 Murder Holes
48:02 Bracer
49:31 Heavy Cavalry Archer
51:47 Bow Saw
52:14 Plate Barding Armor
51:40 Scale Mail Armor
52:20 Gold Mining
52:21 Stone Mining
53:59 Two-Man Saw
54:07 Arbalester
55:30 Hand Cart
56:33 Ring Archer Armor
58:35 Heavy Camel Rider
60:08 Cavalier
61:06 Chain Mail Armor
62:21 Fortified Wall
62:37 Bombard Tower
61:58 Treadmill Crane
70:32 Elite Varangian Guard
80:41 Hussar
Connection lost

Rejoining the realm…

Still unreachable

The connection could not be restored.

Session expired

The server has moved on; the page needs a fresh start.